 Dungeon Crawl Stone Soup version 0.30-a0-29-g142975f185 (webtiles) character file.

Game seed: 3693188121136913587

8 Anon1729 the Gusty (level 2, 0/15 HPs)
             Began as a Kobold Air Elementalist on Aug 12, 2022.
             Slain by a hobgoblin (2 damage)
             ... on level 1 of the Dungeon on Aug 26, 2022.
             The game lasted 00:02:04 (965 turns).

Anon1729 the Gusty (Kobold Air Elementalist)         Turns: 965, Time: 00:02:04

Health: 0/15       AC:  3    Str:  5    XL:     2   Next: 15%
Magic:  1/5        EV: 15    Int: 16    God:
Gold:   35         SH:  0    Dex: 15    Spells: 4/5 levels left

rFire   . . .      SeeInvis .    (weapon restricted)
rCold   . . .      Faith    .    (no shield)
rNeg    . . .      Spirit   .    a - +0 robe
rPois   .          Reflect  .    (no helmet)
rElec   .          Harm     .    (no cloak)
rCorr   .          Rampage  .    f - +0 pair of gloves
Will    .....                    (no boots)
Stlth   +++.......               (no amulet)
HPRegen 0.05/turn                (no ring)
MPRegen 0.09/turn                (no ring)

@: no status effects
A: small, no large weapons, nightstalker 3
a: no special abilities


You were on level 1 of the Dungeon.
You visited 1 branch of the dungeon, and saw 1 of its levels.

You collected 35 gold pieces.

Inventory:

Armour
 a - a +0 robe (worn)
 f - a +0 pair of gloves (worn)
Scrolls
 g - a scroll of teleportation {unknown}
 h - a scroll of enchant weapon {unknown}
Potions
 b - a potion of magic
 c - 3 potions of curing {unknown}
 d - a potion of might {unknown}
 e - a potion of resistance {unknown}


   Skills:
 + Level 2.6 Dodging
 + Level 3.0 Stealth
 + Level 2.3 Spellcasting
 + Level 1.2 Conjurations
 + Level 3.1 Air Magic


You had 4 spell levels left.
You knew the following spells:

 Your Spells              Type           Power      Damage    Failure   Level
a - Shock                 Conj/Air       32%        1d5       9%          1

Your spell library contained the following spells:

 Spells                   Type           Power      Damage    Failure   Level
 Static Discharge         Conj/Air       16%        3-4/arc   12%         2
 Swiftness                Air            11%        N/A       17%         3
 Airstrike                Air            5%         2d(1-17)  50%         4


Dungeon Overview and Level Annotations

Branches:
Dungeon (1/15)

Altars:

Shops:
D:1 :


Innate Abilities, Weirdness & Mutations

You are small and have problems with some larger weapons.
You are completely attuned to the shadows.


Message History

The hobgoblin shouts!
The zap hits the hobgoblin.
The hobgoblin is severely wounded.
The zap misses the hobgoblin.
The hobgoblin hits you.
The zap hits the hobgoblin.
You kill the hobgoblin!
Your Stealth skill increases to level 3!
You can't see any susceptible monsters within range! (Use Z to cast anyway.)
A hobgoblin comes into view.
A hobgoblin is nearby!
A hobgoblin is nearby!
The zap misses the hobgoblin.
The hobgoblin shouts!
The zap hits the hobgoblin.
The hobgoblin is heavily wounded.
The hobgoblin hits you.
You are out of magic!
You are out of magic!
You are out of magic!
You hit the hobgoblin but do no damage.
The hobgoblin is heavily wounded.
The hobgoblin hits you.
You barely miss the hobgoblin.
The hobgoblin is heavily wounded.
The hobgoblin barely misses you.
You hit the hobgoblin but do no damage.
The hobgoblin is heavily wounded.
The hobgoblin hits you.
You hit the hobgoblin.
The hobgoblin is severely wounded.
The hobgoblin hits you.
* * * LOW HITPOINT WARNING * * *
You hit the hobgoblin but do no damage.
The hobgoblin is severely wounded.
The hobgoblin hits you.
* * * LOW HITPOINT WARNING * * *
You completely miss the hobgoblin.
The hobgoblin is severely wounded.
The hobgoblin hits you.
You die...

#......###.####.#
####.##...## #.#
##.###### #.#
#.......# ##'#
#..####.# ##...
#....##.###....
#.#..##.##.....
#######.......#...[..
...g@.........'......
########...####......
##..# ##..... ##.#
##.... ####.# ##...
#....# ##+# #.####
#.# #.# #.# #.# ##.#


You could see a hobgoblin.

Vanquished Creatures
  An endoplasm (D:1)
  2 goblins (D:1)
  2 hobgoblins (D:1)
  A ball python (D:1)
  A bat (D:1)
  A rat (D:1)
8 creatures vanquished.

Notes
Turn   | Place    | Note
-------+----------+-------------------------------------------
     0 | D:1      | Anon1729 the Kobold Air Elementalist began the quest for
                  | the Orb.
     0 | D:1      | Reached XP level 1. HP: 10/10 MP: 3/3
   334 | D:1      | Upgraded the game from 0.29-a0-1027-gcd8c55af63 to
                  | 0.30-a0-29-g142975f185
   732 | D:1      | Found Xisyuloniss's Vocational Training.
   762 | D:1      | Reached XP level 2. HP: 15/15 MP: 1/5
   965 | D:1      | Slain by a hobgoblin

Illustrated notes

Levels and vault maps discovered:
D:1:      dpeg_arrival_yet_another_circle, layout_loops_corners,
          nicolae_shop_vocational

Skill      XL: |  1  2 |
---------------+-------+-----
Stealth        | 3 |  3.0
Dodging        | |  2.6
Spellcasting   | |  2.3
Conjurations   | |  1.2
Air Magic      | |  3.1

Action                   || total
-------------------------++-------
Melee: Unarmed           ||    50
       Punch             ||     1
 Cast: Shock             ||    18
Armor: Robe              ||    21
Dodge: Dodged            ||    69

Table legend: (Time is in decaauts)
 A = Elapsed time spent in this place.
 B = Non-inter-level travel time spent in this place.
 C = Inter-level travel time spent in this place.
 D = Time resting spent in this place.
 E = Time spent auto-exploring this place.
 F = Levels seen in this place.
 G = Mean time per level.
                   A        B        C        D        E       F      G
               +--------+--------+--------+--------+--------+-----+--------+
         Total |    965 |    965 |      0 |    221 |    560 |   1 |  965.0 |
       Dungeon |    965 |    965 |      0 |    221 |    560 |   1 |  965.0 |
               +--------+--------+--------+--------+--------+-----+--------+

Top non-repeatable levels by time:
     D:1: 965 daAuts
